 Dungeon Crawl Stone Soup version 0.29.1-12-g30fa7ad0bf (webtiles) character file.

Game seed: 14614329522887080708

86 MariaPascua the Shooter (level 4, -1/34 HPs)
             Began as a Human Hunter on Dec 16, 2022.
             Slain by a goblin
             ... wielding a +0 spear
             ... led by Robin
              (4 damage)
             ... on level 2 of the Dungeon.
             The game lasted 00:04:13 (826 turns).

MariaPascua the Shooter (Human Hunter)               Turns: 826, Time: 00:04:18

Health: -1/34      AC:  3    Str: 12    XL:     4   Next: 77%
Magic:  5/5        EV: 12    Int: 11    God:
Gold:   95         SH:  0    Dex: 16    Spells: 4/4 levels left

rFire   . . .      SeeInvis .   a - +0 shortbow
rCold   . . .      Faith    .   (shield currently unavailable)
rNeg    . . .      Spirit   .   c - +0 leather armour
rPois   .          Reflect  .   (no helmet)
rElec   .          Harm     .   (no cloak)
rCorr   .          Rampage  .   (no gloves)
Will    .....                   (no boots)
Stlth   ++........              (no amulet)
HPRegen 0.11/turn               (no ring)
MPRegen 0.09/turn               (no ring)

@: no status effects
A: no striking features
a: no special abilities


You were on level 2 of the Dungeon.
You visited 1 branch of the dungeon, and saw 2 of its levels.

You collected 95 gold pieces.

Inventory:

Hand Weapons
 a - a +0 shortbow (weapon)
Armour
 c - a +0 leather armour (worn)
Scrolls
 b - a scroll of immolation
 g - a scroll of identify {unknown}
Potions
 d - a potion of curing {unknown}
 e - a potion of flight {unknown}


   Skills:
 * Level 2.3 Fighting
 * Level 5.0 Ranged Weapons
 * Level 0.8 Armour
 * Level 2.3 Dodging
 * Level 1.5 Stealth
 * Level 0.7 Spellcasting


You had 4 spell levels left.
You didn't know any spells.
Your spell library was empty.

Dungeon Overview and Level Annotations

Branches:
Dungeon (2/15)

Altars:


Message History

Fire: a) +0 shortbow
Press: ? - help, Q - select action Shift-Dir - straight line, f/p - hobgoblin
Aim: a hobgoblin (moderately wounded, 63% to hit)
You shoot an arrow. The arrow barely misses the hobgoblin.
The hobgoblin misses you. The goblin hits you with a +0 spear.
The worm bites you.
Fire: a) +0 shortbow
Press: ? - help, Q - select action Shift-Dir - straight line, f/p - hobgoblin
Aim: a hobgoblin (moderately wounded, 63% to hit)
You shoot an arrow.
The arrow hits the hobgoblin but does no damage.
The hobgoblin is moderately wounded.
The hobgoblin barely misses you. The goblin misses you.
Fire: a) +0 shortbow
Press: ? - help, Q - select action Shift-Dir - straight line, f/p - hobgoblin
Aim: a hobgoblin (moderately wounded, 63% to hit)
You shoot an arrow. The arrow hits the hobgoblin.
You kill the hobgoblin!
The goblin misses you. The worm closely misses you.
Fire: a) +0 shortbow
Press: ? - help, Q - select action Shift-Dir - straight line, f - worm
Aim: a worm (80% to hit)
You shoot an arrow. The arrow hits the worm.
The worm is lightly wounded.
The goblin hits you but does no damage. The worm misses you.
The goblin hits you with a +0 spear.
Fire: a) +0 shortbow
Press: ? - help, Q - select action Shift-Dir - straight line, f/p - worm
Aim: a worm (lightly wounded, 80% to hit)
You shoot an arrow. The arrow hits the worm!
The worm is heavily wounded.
The goblin closely misses you. The worm bites you!
* * * LOW HITPOINT WARNING * * *
Fire: a) +0 shortbow
Press: ? - help, Q - select action Shift-Dir - straight line, f - goblin, p - worm
Aim: a goblin, wielding a +0 spear (56% to hit)
You shoot an arrow. The arrow hits the goblin.
The goblin is heavily wounded.
The goblin hits you with a +0 spear.
You die...

##### #.... ###########
######....
#....w@...####.........
.......###.g)...............#
...###. #................###
#. #...........#..#.# #
#....................# #
#####............##..###
............#.##.....
..#...................
..#............#<#....


You could see a worm and a goblin.

Vanquished Creatures
  Natasha (twice) (D:2)
  2 worms
  3 endoplasms (D:1)
  A giant cockroach (D:1)
  6 goblins
  A hobgoblin (D:2)
  4 jackals (D:1)
  2 quokkas
  A ball python (D:1)
  2 bats (D:1)
  4 frilled lizards
  3 rats (D:1)
31 creatures vanquished.

Notes
Turn   | Place    | Note
-------+----------+-------------------------------------------
     0 | D:1      | MariaPascua the Human Hunter began the quest for the Orb.
     0 | D:1      | Reached XP level 1. HP: 16/16 MP: 1/1
    90 | D:1      | Reached XP level 2. HP: 21/22 MP: 2/2
   539 | D:1      | Reached XP level 3. HP: 27/27 MP: 3/3
   601 | D:1      | You fall into a shaft and drop 1 floor!
   643 | D:2      | Noticed Natasha
   656 | D:2      | Killed Natasha
   657 | D:2      | Reached XP level 4. HP: 21/33 MP: 4/4
   664 | D:2      | Noticed Natasha
   669 | D:2      | Killed Natasha
   670 | D:2      | Reached skill level 5 in Ranged Weapons
   826 | D:2      | Slain by a goblin

Illustrated notes

Levels and vault maps discovered:
D:1:      dpeg_arrival_oval, layout_loops_ring, minmay_misc_feat_cross,
          serial_park_tiny_1, dreamdust_mushroom_princess,
          dreamdust_wishing_well, grunt_decor_arrowhead,
          chequers_serial_rivers_room_a, nicolae_wormholes
D:2:      layout_rooms, serial_shops, shop, basic_ecumenical_altar,
          corexii_corridor_pit, uniq_natasha, uniq_robin

Skill      XL: |  1  2  3  4 |
---------------+-------------+-----
Ranged Weapons | 5 |  5.0
Fighting       | |  2.3
Armour         | |  0.8
Dodging        | |  2.3
Stealth        | |  1.5
Spellcasting   | |  0.7

Action                   |  1- 3 |  4- 6 || total
-------------------------+-------+-------++-------
 Fire: Shortbow          |    72 |    32 ||   104
  Use: Potion            |     2 |     1 ||     3
Armor: Leather armour    |    12 |     9 ||    21
Dodge: Dodged            |    18 |    27 ||    45
